 Dungeon Crawl Stone Soup version 0.31.0-32-g396128a36d (webtiles) character file.

Game seed: 6442306706882859185

293286 Quickbrownfox the Metamorph (level 20, -20/156 HPs)
             Began as an Octopode Shapeshifter on Apr 22, 2024.
             Was an Initiate of Gozag.
             Demolished by a rockslime (22 damage)
             ... on level 4 of the Lair of Beasts on Apr 23, 2024.
             The game lasted 02:49:14 (58158 turns).

Quickbrownfox the Metamorph (OpSh)                 Turns: 58158, Time: 02:49:15

Health: -20/156    AC: 15    Str: 23    XL:     20   Next: 82%
Magic:  41/56      EV: 19    Int: 33    God:    Gozag
Gold:   1875       SH:  5    Dex: 11    Spells: 15/47 levels left

rFire   + . .        j - melded +12 flail of Wrath {spect, ^Fragile rCorr MP+9 Int+4}
rCold   x . .        y - melded orb {*channel}
rNeg    + + .        D - melded +0 mask of the Dragon {Will+ Slay+3 SInv}
rPois   +            Z - amulet of reflection
rElec   .            d - +5 ring of evasion
rCorr   +            n - ring of wizardry
SInv    +            w - ring of Tudenyka {rN++ Str-3 Int+6 Slay+2 SInv}
Will    ++...        W - ring "Loduttil" {MP+9 Str+3}
Stlth   +            B - ring of magical power
HPRegen 0.46/turn    G - +6 ring of intelligence
MPRegen 0.35/turn    X - ring of Jiske {Fire Will+ rCorr Int+4}
                     V - ring of see invisible

%: reflection, wizardry (x1)
@: snake-form, hasted, studying Fire Magic, very quick
A: constrict, boosted hp, almost no armour, amphibious, 8 rings, large,
(camouflage 1), (gelatinous body 1), (nimble swimmer 1), (tentacles)
}: 2/15 runes: barnacled, gossamer
a: Begin Untransformation, Renounce Religion, Potion Petition, Call Merchant,
Bribe Branch


You were on level 4 of the Lair of Beasts.
You worshipped Gozag.
Gozag was most pleased with you.
You were an enormous serpent.
You visited 8 branches of the dungeon, and saw 35 of its levels.
You also visited: Bailey, Gauntlet and Volcano.

You collected 15407 gold pieces.
You spent 6009 gold pieces at shops.
You paid 7523 gold pieces to Gozag.

Inventory:

Hand Weapons
 j - the +12 flail of Wrath (melded) {spect, ^Fragile rCorr MP+9 Int+4}
   (You bought it in a shop on level 8 of the Dungeon)

   Int+4:     It affects your intelligence (+4).
   MP+9:      It affects your magic capacity (+9).
   rCorr:     It protects you from acid and corrosion.
   ^Fragile:  It will be destroyed if unequipped.
 H - the +8 arc blade {discharge, rElec}
   (You found it on level 5 of the Lair of Beasts)

   rElec:     It insulates you from electricity.
Armour
 k - a +2 hat of intelligence
 y - an orb of energy (melded)
 D - the +0 mask of the Dragon (melded) {Will+ Slay+3 SInv}
   (You found it in a Gauntlet)

   Slay+3:    It affects your accuracy & damage with ranged weapons and melee
   (+3).
   Will+:     It increases your willpower.
   SInv:      It lets you see invisible.
Jewellery
 c - a ring of positive energy
 d - a +5 ring of evasion (left tentacle)
 e - an amulet of regeneration
 f - a +5 ring of evasion
 n - a ring of wizardry (right tentacle)
 p - a ring of positive energy
 v - a ring of protection from cold
 w - the ring of Tudenyka (on tentacle) {rN++ Str-3 Int+6 Slay+2 SInv}
   (You bought it in a shop on level 3 of the Lair of Beasts)

   [ring of intelligence]

   Str-3:     It affects your strength (-3).
   Int+6:     It affects your intelligence (+6).
   Slay+2:    It affects your accuracy & damage with ranged weapons and melee
   (+2).
   rN++:      It greatly protects you from negative energy.
   SInv:      It lets you see invisible.
 A - a ring of wizardry
 B - a ring of magical power (on tentacle)
 G - a +6 ring of intelligence (on tentacle)
 Q - a ring of protection from fire
 V - a ring of see invisible (on tentacle)
 W - the ring "Loduttil" (on tentacle) {MP+9 Str+3}
   (You found it in a Gauntlet)

   [ring of magical power]

   Str+3:     It affects your strength (+3).
   MP+9:      It affects your magic capacity (+9).
 X - the ring of Jiske (on tentacle) {Fire Will+ rCorr Int+4}
   (You found it in a Gauntlet)

   [ring of fire]

   Fire:      It enhances your fire magic.
   Int+4:     It affects your intelligence (+4).
   rF+:       It protects you from fire.
   rC-:       It makes you vulnerable to cold.
   Will+:     It increases your willpower.
   rCorr:     It protects you from acid and corrosion.
 Z - an amulet of reflection (around neck)
Talismans
 b - a beast talisman
 N - a storm talisman
 T - a serpent talisman (active)
Wands
 a - a wand of paralysis (11)
 q - a wand of digging (18)
 t - a wand of mindburst (3)
 C - a wand of roots (5)
 R - a wand of flame (19)
Scrolls
 h - 13 scrolls of teleportation
 s - 4 scrolls of poison
 u - 2 scrolls of fear
 x - 2 scrolls of enchant armour
 z - a scroll of torment
 E - a scroll of revelation
 J - 4 scrolls of amnesia
 K - 5 scrolls of fog
 M - 2 scrolls of blinking
 P - 10 scrolls of identify
Potions
 g - 2 potions of heal wounds
 i - a potion of invisibility
 l - 14 potions of ambrosia
 m - 4 potions of resistance
 o - a potion of mutation
 r - 3 potions of enlightenment
 F - 3 potions of cancellation
 I - 2 potions of might
 L - 9 potions of brilliance
 O - 9 potions of curing
 S - a potion of haste
 Y - 6 potions of magic
Miscellaneous
 U - a tin of tremorstones (2/2)


   Skills:
 - Level 9.6 Fighting
 - Level 6.1 Maces & Flails
 - Level 12.5 Dodging
 - Level 6.0 Unarmed Combat
 + Level 14.1 Spellcasting
 + Level 19.1 Fire Magic
 - Level 10.3 Air Magic
 - Level 8.8 Alchemy
 - Level 6.0 Evocations
 * Level 19.8 Shapeshifting


You had 15 spell levels left.
You knew the following spells:

 Your Spells              Type           Power      Damage    Failure   Level
a - Sting                 Conj/Alch      100%       1d9       1%          1
b - Ignite Poison         Fire/Alch      100%       N/A       1%          4
c - Sticky Flame          Fire/Alch      100%       2d15      1%          4
d - Plasma Beam           Fire/Air       55%        2x1d70    1%          6
e - Ignition              Fire           61%        3d16      1%          8
f - Airstrike             Air            37%        2d(6-22)  1%          4
g - Iskenderun's Battles  Conj           23%        2d8       21%         5

Your spell library contained the following spells:

 Spells                   Type           Power      Damage    Failure   Level
 Apportation              Tloc           46%        N/A       1%          1
 Foxfire                  Conj/Fire      100%       2x1d9     1%          1
 Kiss of Death            Conj/Necr      92%        2d12      1%          1
 Magic Dart               Conj           92%        1d7       1%          1
 Necrotise                Necr           92%        1d8       1%          1
 Shock                    Conj/Air       100%       1d9       1%          1
 Summon Small Mammal      Summ           92%        N/A       1%          1
 Blink                    Tloc           46%        N/A       1%          2
 Call Imp                 Summ           46%        N/A       1%          2
 Lesser Beckoning         Tloc           46%        N/A       1%          2
 Momentum Strike          Conj/Tloc      46%        3d9       1%          2
 Searing Ray              Conj           46%        2d6       1%          2
 Swiftness                Air            75%        N/A       1%          3
 Flame Wave               Conj/Fire      92%        2d19      1%          4
 Fulminant Prism          Conj/Alch      25%        3d14      1%          4
 Summon Blazeheart Golem  Fire/Summ      92%        N/A       1%          4
 Call Canine Familiar     Summ           23%        N/A       2%          3
 Confusing Touch          Hex            23%        N/A       2%          3
 Gell's Gravitas          Tloc           23%        N/A       2%          3
 Teleport Other           Tloc           23%        N/A       2%          3
 Vampiric Draining        Necr           23%        2d7       2%          3
 Starburst                Conj/Fire      46%        6d13      2%          6
 Dispel Undead            Necr           23%        3d12      8%          4
 Martyr's Knell           Necr/Summ      23%        N/A       8%          4
 Curse of Agony           Necr           23%        N/A       21%         5
 Monstrous Menagerie      Summ           11%        N/A       99%         7


Dungeon Overview and Level Annotations

Branches:
Dungeon (15/15)            Temple (1/1) D:5            Lair (5/5) D:11
 Shoals (4/4) Lair:3       Spider (4/4) Lair:2        Slime (1/5) Lair:4
    Orc (2/2) D:9             Elf (0/3) Orc:2        Vaults (3/5) D:14
 Depths (0/4) D:15         Bailey (visited)         Volcano (visited)
Gauntlet (visited)
  Crypt: Vaults:2-3

Altars:
Ashenzari
Cheibriados
Dithmenos
Elyvilon
Fedhas
Gozag
Hepliaklqana
Kikubaaqudgha
Makhleb
Nemelex Xobeh
Okawaru
Qazlal
Ru
Sif Muna
Trog
Uskayaw
Vehumet
Wu Jian
Xom
Yredelemnul
Zin
The Shining One
Jiyva

Shops:
D:4 *(?*=   D:8 :(   D:9 *   D:11 **   D:13 *   D:14 =   Orc:2 ([([   Lair:3 =*
Vaults:1 !   Vaults:2 (

Annotations:
D:3 3 runed translucent doors, ripuliukko's ghost, amateur GrEE
D:10 3 runed translucent doors, exclusion: orange crystal statue


Innate Abilities, Weirdness & Mutations

You are an enormous serpent.
You have a powerful constriction melee attack.
Your maximum health is increased.
Your armour is entirely melded.
You are incapable of wielding weapons or throwing items.
You cannot wear most types of armour.
You are amphibious.
You can wear up to eight rings at the same time.
((Your skin changes colour to match your surroundings (Stealth+).))
((Your rubbery body absorbs attacks. (AC +1, EV +1)))
((You are camouflaged when in or above water. (Stealth+)))
((You have tentacles for arms and can constrict up to eight enemies at once.))


Message History

You hit the rockslime but do no damage.
The rockslime is moderately wounded.
The rockslime hits you.
You stumble backwards!
The rockslime shakes off the sticky flame as it moves.
Casting: Sticky Flame (safe; 1% risk of failure)
Confirm with . or Enter, or press ? or * to list all spells.
Aiming: Sticky Flame (safe; 1% risk of failure)
Press: ? - help, Shift-Dir - straight line, f/p - rockslime
Aim: a rockslime (moderately wounded)
You feel a surge of power!
The sticky flame hits the rockslime.
The rockslime completely resists.
The rockslime is moderately wounded.
The rockslime burns!
The rockslime closely misses you.
You hit the rockslime but do no damage.
The rockslime is moderately wounded.
The rockslime burns!
The rockslime hits you!
You stumble backwards!
You hit the rockslime but do no damage.
The rockslime is moderately wounded.
The rockslime burns!
The rockslime hits you!!
You hold your ground!
Unknown command.
You hit the rockslime.
The rockslime is moderately wounded.
The rockslime burns!
The rockslime hits you!
You hold your ground!
The rockslime burns!
The rockslime shakes off the sticky flame as it moves.
The rockslime attacks as it pursues you!
The rockslime completely misses you. The rockslime hits you!!!
* * * LOW HITPOINT WARNING * * *
You stumble backwards!
Blink to where?
Press: ? - help, Dir - move target, p - rockslime
Okay, then.
You feel yourself speed up. The rockslime hits you!!
* * * LOW HITPOINT WARNING * * *
You stumble backwards!
Okay, then.
The rockslime attacks as it pursues you!
The rockslime hits you!!
You die...
Your body crumbles into a pile of gold.

### #.###PP## ######.#
#############......#
####.##..####P##.##..#.#.#####.##
........................#######..
.....#.#.####.....##P...##...##..
.....###### #.....###...##.>.##.+
....P###..###.....##....'._..##..
#....##....#............#######..
..........##....SJ......## ##..
....###....##.....#....#.#####...
..).# #....##....................
#...####'###...........##....P.#.
....##.#..##.......###.##......#.
.....##....##.....#.##.##........
.................................
...........[.....................
..............................>..


You could see a rockslime.

Vanquished Creatures
  Saint Roka (Orc:2)
  A sphinx (Vaults:1)
  A kraken (Shoals:2)
  An azure jelly (Slime:1)
  2 ghost moths (Spider:1)
  5 emperor scorpions
  8 ironbound preservers
  3 vault wardens (Vaults:1)
  7 broodmothers
  2 very ugly things (Vaults:1)
  A formless jellyfish (Vaults:1)
  2 ironbound thunderhulks
  5 dire elephants (Vaults:1)
  A minotaur (Gauntlet)
  3 spark wasps
  Snorg (Orc:1)
  The ghost of nitefall the Severer, a journeyman MiBe of Trog (D:12)
  4 merfolk javelineers
  An ettin (D:15)
  4 yaktaur captains
  A fire dragon (Volcano)
  Josephine (D:11)
  8 entropy weavers
  14 merfolk impalers
  Harold (D:9)
  A great orb of eyes (Vaults:1)
  8 vault guards
  4 boulder beetles
  Erica (D:8)
  2 jorogumos
  2 rakshasas
  5 hydras
  6 ironbound frosthearts
  6 merfolk aquamancers
  4 radroaches
  3 ogre magi
  11 centaur warriors
  8 merfolk avatars
  15 two-headed ogres
  A death scarab (Spider:4)
  5 death yaks
  An alligator snapping turtle (Shoals:4)
  4 satyrs
  9 demonic crawlers
  An orc high priest (Orc:2)
  4 tengu warriors
  A soul eater (Gauntlet)
  2 sun demons (Volcano)
  9 skysharks
  A fire crab (Shoals:4)
  5 pharaoh ants
  5 skeletal warriors (D:14)
  8 sea snakes
  27 deep trolls
  16 orb spiders
  3 arcanists
  11 harpies
  9 ironbound convokers
  2 sun moths (Spider:4)
  7 lindwurms
  3 deep elf pyromancers
  2 necromancers
  6 orc knights
  2 steelbarb worms (Spider:4)
  3 orc sorcerers
  17 ugly things
  16 wolf spiders
  A salamander (shapeshifter) (D:14)
  16 manticores
  10 fauns
  A frost giant zombie (Vaults:1)
  7 cyclopes
  5 merfolk sirens
  2 moths of wrath
  2 elephants (Lair:5)
  8 vault sentinels
  4 black mambas
  5 meliai
  A torpor snail (Spider:4)
  5 kobold blastminers
  7 water nymphs
  A smoke demon (Volcano)
  9 cane toads
  5 gargoyles
  2 kobold demonologists (D:14)
  An unseen horror (D:10)
  4 rime drakes (Shoals:3)
  4 yaktaurs
  A yaktaur zombie (Vaults:1)
  2 tengu conjurers (D:15)
  11 komodo dragons
  A queen bee (Lair:3)
  8 trolls
  Psyche (D:8)
  7 wind drakes
  5 polar bears
  44 merfolk
  A fire giant simulacrum (Vaults:1)
  14 hornets
  18 tarantellas
  Prince Ribbit (Lair:1)
  14 dream sheep
  27 blink frogs
  25 culicivoras
  11 snapping turtles
  39 jumping spiders
  20 slime creatures
  A centaur simulacrum (D:15)
  5 spriggans (Bailey)
  9 water elementals
  A vampire (D:10)
  3 fire bats (Shoals:4)
  2 humans (D:14)
  7 wraiths
  4 wyverns
  6 shadows
  Eustachio (D:4)
  5 wargs
  48 yaks
  3 basilisks
  12 steam dragons
  A warg (shapeshifter) (D:15)
  11 vampire mosquitoes
  38 redbacks
  4 acid dragons
  17 water moccasins
  40 orc warriors
  A sky beast (D:7)
  2 black bears
  33 wolves
  19 ogres
  13 centaurs
  2 human skeletons (Vaults:1)
  5 kobold brigands
  8 bullfrogs
  3 jellies
  7 scorpions
  5 wights (D:8)
  34 killer bees
  A crimson imp (D:5)
  A hound (D:5)
  22 orc priests
  3 gnoll boudas
  2 sleepcaps
  6 iguanas
  34 orc wizards
  13 gnolls
  5 adders
  3 shadow imps
  2 white imps
  2 ufetubi (D:6)
  2 ribbon worms
  2 dart slugs
  107 orcs
  3 bats
  7 endoplasms
  3 giant cockroaches
  11 goblins
  9 hobgoblins
  3 quokkas
  6 ball pythons
  2 frilled lizards
  16 kobolds
  6 rats
1306 creatures vanquished.

Vanquished Creatures (collateral kills)
  2 ogre magi (D:15)
  A boulder beetle (D:15)
  2 two-headed ogres (D:15)
  2 ogres (D:15)
  A boggart (D:15)
8 creatures vanquished.

Vanquished Creatures (others)
  A gnoll (D:4)
1 creature vanquished.

Grand Total: 1315 creatures vanquished

Notes
Turn   | Place    | Note
-------+----------+-------------------------------------------
     0 | D:1      | Quickbrownfox the Octopode Shapeshifter began the quest for
                  | the Orb.
     0 | D:1      | Reached XP level 1. HP: 13/13 MP: 1/1
   221 | D:1      | Reached XP level 2. HP: 18/18 MP: 2/2
   775 | D:2      | Reached XP level 3. HP: 23/23 MP: 3/3
  1050 | D:2      | Reached XP level 4. HP: 29/29 MP: 4/4
  1171 | D:3      | Learned a level 1 spell: Sting
  1518 | D:3      | Identified the +0 flail of Symmetry {freeze, rN+ Str+3}
  1871 | D:3      | Found a runed translucent gate.
  1872 | D:3      | Found a runed translucent gate.
  1873 | D:3      | Found a runed translucent gate.
  1875 | D:3      | Noticed ripuliukko's ghost (amateur GrEE)
  2268 | D:4      | Found Dokaanon's Assorted Antiques.
  2287 | D:4      | Found Laczik's Magic Scroll Shop.
  2300 | D:4      | Reached XP level 5. HP: 34/34 MP: 5/5
  2324 | D:4      | Reached skill level 1 in Alchemy
  2344 | D:4      | Found a hazy altar of Hepliaklqana.
  2461 | D:4      | Found a shadowy altar of Dithmenos.
  2515 | D:4      | Found Exez's General Store.
  2526 | D:4      | Found a white marble altar of Elyvilon.
  2526 | D:4      | Found Maki's Weapon Shoppe.
  2557 | D:4      | Reached skill level 1 in Spellcasting
  2654 | D:4      | Found Epso's Jewellery Emporium.
  2666 | D:4      | Noticed Eustachio
  2677 | D:4      | Killed Eustachio
  2678 | D:4      | Reached XP level 6. HP: 41/41 MP: 1/8
  2826 | D:4      | Bought an encrusted pearl ring for 140 gold pieces
  3053 | D:5      | Entered Level 5 of the Dungeon
  3234 | D:5      | Reached XP level 7. HP: 46/46 MP: 3/9
  3343 | D:5      | Identified a scroll of acquirement
  3343 | D:5      | Acquired 734 gold pieces
  3482 | D:5      | Found a glowing silver altar of Zin.
  3558 | D:5      | Reached skill level 5 in Shapeshifting
  3685 | D:5      | Reached XP level 8. HP: 50/54 MP: 8/11
  3770 | D:5      | Found a radiant altar of Vehumet.
  3770 | D:5      | Found a burning altar of Makhleb.
  3980 | D:5      | Found a staircase to the Ecumenical Temple.
  4148 | Temple   | Entered the Ecumenical Temple
  4167 | Temple   | Became a worshipper of Gozag Ym Sagoz the Greedy
  4943 | D:6      | Found a bloodstained altar of Trog.
  5133 | D:6      | Found a blossoming altar of Fedhas.
  5627 | D:7      | Reached skill level 5 in Dodging
  5627 | D:7      | Reached XP level 9. HP: 34/59 MP: 11/14
  6246 | D:7      | Found a stormy altar of Qazlal.
  6422 | D:8      | Reached skill level 5 in Fighting
  6517 | D:8      | Noticed a hornet
  6523 | D:8      | Paralysed by a hornet for 1 turns
  6526 | D:8      | Killed a hornet
  6726 | D:8      | Noticed a gargoyle
  6741 | D:8      | Noticed Psyche
  6751 | D:8      | Killed Psyche
  6752 | D:8      | Reached skill level 5 in Alchemy
  6787 | D:8      | Killed a gargoyle
  7028 | D:8      | Reached skill level 1 in Evocations
  7121 | D:8      | Noticed Erica
  7123 | D:8      | Found Wiogir Tioss's Weapon Emporium.
  7131 | D:8      | Killed Erica
  7132 | D:8      | Reached XP level 10. HP: 13/68 MP: 5/17
  7675 | D:9      | Noticed Harold
  7684 | D:9      | Killed Harold
  7685 | D:9      | Reached skill level 1 in Maces & Flails
  7685 | D:9      | Reached skill level 5 in Spellcasting
  7697 | D:9      | Found a flagged portal.
  7750 | Bailey   | Entered a bailey
  8024 | Bailey   | Noticed a two-headed ogre
  8036 | Bailey   | Killed a two-headed ogre
  8419 | Bailey   | Identified the +4 lajatang of the Wilderness {heavy, rF+
                  | Str-5 Int+2 Dex+5}
  8444 | Bailey   | Reached XP level 11. HP: 24/74 MP: 8/19
  8619 | D:9      | Found a staircase to the Orcish Mines.
  8654 | D:8      | Bought an Everburning Encyclopedia for 532 gold pieces
  8659 | D:8      | Learned a level 4 spell: Ignite Poison
  8806 | D:9      | Found Fioqoi's CLEARANCE SALE!.
  8832 | D:9      | Reached skill level 1 in Fire Magic
  9649 | D:9      | Noticed a rakshasa
  9656 | D:9      | Killed a rakshasa
  9850 | D:9      | Noticed an ogre mage
  9850 | D:9      | Noticed a deep elf pyromancer
 10072 | D:9      | Killed a deep elf pyromancer
 10167 | D:9      | Paralysed by an ogre mage for 2 turns
 10385 | D:9      | Paralysed by an ogre mage for 2 turns
 10390 | D:9      | Killed an ogre mage
 10701 | D:9      | Learned a level 4 spell: Sticky Flame
 10744 | D:10     | Entered Level 10 of the Dungeon
 11042 | D:10     | Found a runed translucent door.
 11122 | D:10     | Found a runed translucent door.
 11150 | D:10     | Found a runed translucent door.
 11164 | D:10     | Found a runed translucent door.
 11566 | D:10     | Found a shimmering blue altar of Sif Muna.
 12103 | D:10     | Noticed an orange crystal statue
 12344 | D:11     | Noticed Josephine
 12358 | D:11     | Killed Josephine
 12359 | D:11     | Reached XP level 12. HP: 68/82 MP: 18/21
 12966 | D:11     | Noticed a two-headed ogre
 12974 | D:11     | Killed a two-headed ogre
 12975 | D:11     | Reached skill level 5 in Maces & Flails
 13485 | D:8      | Bought a manual of Fire Magic for 1120 gold pieces
 13550 | D:11     | Found a staircase to the Lair.
 13550 | D:11     | You fall into a shaft and drop 1 floor!
 14268 | D:11     | Found Koemaxir's General Store.
 14502 | Lair:1   | Entered Level 1 of the Lair of Beasts
 14624 | D:11     | Reached skill level 5 in Fire Magic
 15226 | Lair:1   | Noticed Prince Ribbit
 15249 | Lair:1   | Killed Prince Ribbit
 15425 | Lair:1   | Reached skill level 10 in Shapeshifting
 16025 | Lair:1   | Reached XP level 13. HP: 47/89 MP: 9/23
 16217 | Lair:1   | You fall into a shaft and drop 1 floor!
 16533 | Lair:2   | Found a hole to the Spider Nest.
 19395 | Lair:3   | Bought a ring of see invisible for 165 gold pieces
 20801 | Lair:4   | Found a gate leading to a gauntlet.
 20825 | Lair:4   | Reached XP level 14. HP: 97/97 MP: 26/26
 20827 | Gauntlet | Entered a Gauntlet
 20827 | Gauntlet | Found a runed translucent door.
 20827 | Gauntlet | Found a transporter.
 20827 | Gauntlet | Found a runed translucent door.
 20827 | Gauntlet | Found a transporter.
 20833 | Gauntlet | Found a transporter.
 20848 | Gauntlet | Found a transporter.
 20863 | Gauntlet | Found a transporter.
 20863 | Gauntlet | Found a transporter.
 20865 | Gauntlet | Found a transporter.
 20865 | Gauntlet | Found a transporter.
 20866 | Gauntlet | Found a transporter.
 20877 | Gauntlet | Found a transporter.
 20893 | Gauntlet | Found a transporter.
 20903 | Gauntlet | Found a transporter.
 20917 | Gauntlet | Found a transporter.
 20951 | Gauntlet | Found a transporter.
 21015 | Gauntlet | Identified the ring "Loduttil" {MP+9 Str+3}
 21138 | Gauntlet | Identified the ring of Jiske {Fire Will+ rCorr Int+4}
 21155 | Gauntlet | Found the +0 mask of the Dragon {Will+ Slay+3 SInv}
 21335 | D:8      | Bought a book of Fire for 448 gold pieces
 21342 | D:8      | Learned a level 6 spell: Plasma Beam
 21465 | Lair:4   | Reached XP level 15. HP: 102/102 MP: 22/27
 21588 | Lair:4   | Learned a level 8 spell: Ignition
 21894 | Lair:4   | Reached skill level 5 in Unarmed Combat
 21921 | Lair:4   | Reached skill level 1 in Air Magic
 22288 | Lair:4   | Found a viscous altar of Jiyva.
 22288 | Lair:4   | Found a staircase to the Slime Pits.
 22662 | Lair:5   | Entered Level 5 of the Lair of Beasts
 23595 | Lair:5   | Reached skill level 10 in Dodging
 24435 | Lair:5   | Found a snail-covered altar of Cheibriados.
 24864 | Lair:5   | Found the +8 arc blade {discharge, rElec}
 25389 | Orc:1    | Entered Level 1 of the Orcish Mines
 25613 | Orc:1    | Found a dark tunnel.
 25622 | Orc:1    | Noticed Snorg
 25634 | Orc:1    | Killed Snorg
 25675 | Volcano  | Entered a volcano
 27138 | Orc:2    | Entered Level 2 of the Orcish Mines
 28528 | Orc:2    | Noticed Saint Roka
 28733 | Orc:2    | Killed Saint Roka
 28734 | Orc:2    | Reached XP level 16. HP: 92/108 MP: 10/29
 29467 | Orc:2    | Found Vuel's Antique Armour Boutique.
 29650 | Orc:2    | Found Eqoampi Lise's Antique Armour Boutique.
 29654 | Orc:2    | Found Huitusod's Antique Weapon Shop.
 29813 | Orc:2    | Found Roivoxt's Antique Weapon Shoppe.
 29964 | Orc:2    | Found a staircase to the Elven Halls.
 30215 | D:8      | Bought the +12 flail of Wrath {spect, ^Fragile rCorr MP+9
                  | Int+4} for 1225 gold pieces
 30697 | D:12     | Found a runed translucent gate.
 30860 | D:12     | Found a runed translucent gate.
 30860 | D:12     | Found a runed translucent gate.
 30863 | D:12     | Identified the +1 eveningstar of the Manifold Hosts {heavy,
                  | ^Drain Str+3 Int+2}
 30863 | D:12     | Noticed nitefall's ghost (journeyman MiBe)
 30866 | D:12     | Found an iron altar of Okawaru.
 31130 | D:12     | Killed nitefall's ghost
 31132 | D:12     | Reached skill level 5 in Air Magic
 31318 | D:11     | Bought a scroll of blinking for 127 gold pieces
 31404 | D:13     | Bought a potion of brilliance for 92 gold pieces
 31629 | D:13     | Identified the +7 rapier of the Special Demons {protect,
                  | rF+ rC++}
 32353 | D:14     | Acquired 679 gold pieces
 33186 | D:14     | Learned a level 4 spell: Airstrike
 34250 | D:14     | Found a gate to the Vaults.
 34312 | D:14     | Bought an amulet of reflection for 480 gold pieces
 34352 | D:15     | Entered Level 15 of the Dungeon
 34360 | D:15     | Reached skill level 10 in Spellcasting
 34764 | D:15     | Reached XP level 17. HP: 95/113 MP: 2/31
 35395 | D:15     | Found a staircase to the Depths.
 36088 | Shoals:1 | Entered Level 1 of the Shoals
 36132 | Shoals:1 | Reached skill level 15 in Shapeshifting
 37876 | Shoals:2 | Reached skill level 15 in Fire Magic
 39011 | Shoals:2 | Noticed a kraken
 39016 | Shoals:2 | Killed a kraken
 39128 | Shoals:2 | Identified the +1 long sword "Neollas" {chaos, Int+5}
 41001 | Shoals:3 | Reached XP level 18. HP: 119/119 MP: 33/33
 41541 | Shoals:4 | Entered Level 4 of the Shoals
 42355 | Shoals:4 | Got a barnacled rune of Zot
 42691 | Shoals:4 | Identified the +3 crystal plate armour of Polytheism
                  | {Int+2}
 43672 | Shoals:4 | Reached skill level 5 in Evocations
 44013 | Shoals:4 | Identified the staff "Anoles" {rF- rC+ rN++ rCorr Dex+3
                  | Ice}
 44755 | Lair:3   | Bought the ring of Tudenyka {rN++ Str-3 Int+6 Slay+2 SInv}
                  | for 1076 gold pieces
 44800 | Spider:1 | Entered Level 1 of the Spider Nest
 46096 | Spider:2 | Paralysed by a jorogumo for 1 turns
 47793 | Spider:3 | Reached XP level 19. HP: 125/125 MP: 29/35
 47923 | Spider:3 | Reached skill level 10 in Air Magic
 48783 | Spider:3 | Identified the +3 scale mail "Qetzesogh" {Harm *Slow rN+
                  | Str+2}
 48796 | Spider:3 | Got Kuabev's Papyrus of Fulgent Phantasms
 49475 | Spider:3 | Learned a level 5 spell: Iskenderun's Battlesphere
 49476 | Spider:4 | Entered Level 4 of the Spider Nest
 52734 | Spider:4 | Got a gossamer rune of Zot
 52852 | D:11     | Bought a copper ring for 150 gold pieces
 52852 | D:11     | Bought a potion of curing for 90 gold pieces
 52852 | D:11     | Bought an embroidered hat for 210 gold pieces
 53027 | Vaults:1 | Entered Level 1 of the Vaults
 53626 | Vaults:1 | Reached XP level 20. HP: 130/130 MP: 37/37
 54534 | Vaults:1 | Identified the orb of the First Snow {*channel, rPois
                  | Regen+}
 54985 | Vaults:1 | Found Agedea's Distillery.
 54993 | Vaults:1 | Bought a potion of curing for 33 gold pieces
 54993 | Vaults:1 | Bought a potion of cancellation for 88 gold pieces
 54993 | Vaults:1 | Bought a potion of curing for 33 gold pieces
 55008 | Vaults:1 | Identified the +7 glaive of Uhip {flame, rCorr}
 56716 | Vaults:2 | Found Bievat's Weapon Shop.
 57736 | Vaults:3 | Noticed a golden dragon
 58141 | Slime:1  | Entered Level 1 of the Pits of Slime
 58157 | Lair:4   | HP: 2/156 [rockslime (29)]
 58158 | Lair:4   | Demolished by a rockslime

Illustrated notes

Levels and vault maps discovered:
D:1:      sevenhm_arrival_forest_fort_large_2, layout_rooms, minmay_quantized
D:2:      layout_rooms, kennysheep_generic_room_15
D:3:      layout_loops_cross, gammafunk_ghost_necromancy,
          guppyfry_early_orc_mine
D:4:      layout_rooms, worldfamousw_hep_ancestral_shrine,
          nicolae_dithmenos_the_darkroom, elyvilon_altar_4, serial_shops, shop,
          shop, shop, shop, nicolae_take_the_stairs, uniq_eustachio
D:5:      layout_gridville, grunt_temple_overflow_lords_of_destruction,
          kennysheep_little_box, minmay_temple_entry_poolview,
          grunt_decor_one_mirror, ebering_dispersal_statue_hall,
          minmay_misc_feat_columns, nrook_mini_backslash
D:6:      layout_rooms, fedhas_altar_fruit_tree, mainiacjoe_overflow_boulevard,
          nicolae_elevator_lobby_asterisk
D:7:      layout_basic, nicolae_qazlal_style_of_elements,
          grunt_decor_mini_mirrors
D:8:      layout_rooms, serial_shops, shop, serial_glass, glass_columns_b,
          glass_columns_a, uniq_psyche, uniq_erica
D:9:      nzn_winding_woodlands_small
          [nzn_winding_woodlands_5x15_pathside_ponds,
          nzn_winding_woodlands_center_lodge, nzn_winding_woodlands_5x15_pool],
          layout_layer_cave, orc_david_3, enter_bailey_2,
          palyth_stone_intersect, nicolae_shop_clearance, uniq_harold
D:10:     layout_rooms, general_overflow_altar, serial_co_window_serial,
          co_window_corner_a, co_window_of_opportunity_a, co_window_paths_a,
          co_window_corner_a, co_window_cross_1, co_window_corner_b,
          co_window_paths_c, co_window_of_opportunity_c, co_window_4corner_b,
          co_window_paths_e, glass_columns_c, glass_columns_b, glass_columns_c,
          minmay_statue_crystal_thing
D:11:     layout_grid_maze, dpeg_oklobed_lair, serial_shops, shop,
          uniq_josephine
D:12:     layout_rooms, gammafunk_ghost_fury_of_okawaru
D:13:     layout_stronghold
D:14:     layout_loops_corners, grunt_vaults_entry_fortified,
          infiniplex_staircase_pillars_1
D:15:     hangedman_depths_entry_civil_slaughter, layout_irregular_city,
          nrook_mini_vaults, grunt_decor_junction, minmay_between
Temple:   minmay_temple_bridge_abc
Lair:1:   hellmonk_ruined_rings, layout_gridlike, uniq_prince_ribbit2
Lair:2:   layout_loops_ring, spider_nest_entry_web_field,
          pdpol_lair_neglected_garden
Lair:3:   layout_gridlike, nicolae_shoals_entry_flooding, special_room
          [special_room_bee], st_stairs_8
Lair:4:   layout_regular_city, dpeg_slime_entry_enclosed, gauntlet_entry_generic
Lair:5:   gammafunk_lair_ancient_temple, layout_long_grid, basic_altar,
          lemuel_old_faithful
Shoals:1: layout_shoals
Shoals:2: layout_shoals, st_sunken_huts
Shoals:3: layout_shoals, nicolae_shoals_drake_roost
Shoals:4: shoals_end_simple, layout_shoals, hangedman_shoal_volcano
Spider:1: layout_spider_delve
Spider:2: spiders_nest_scorpion_pit, nicolae_spider_wall_of_niches
Spider:3: nicolae_spider_hilbert_zone_5 [nicolae_spider_hilbert_3_sides_1_open,
          nicolae_spider_hilbert_4_sides_1_open,
          nicolae_spider_hilbert_4_sides_1_open,
          nicolae_spider_hilbert_6_sides_1_open,
          nicolae_spider_hilbert_6_sides_1_open], nicolae_spider_nook
Spider:4: hellmonk_spider_rune_endless_swarm, nicolae_spider_orb_run
Slime:1:  layout_caves
Orc:1:    layout_diamond_mine, nicolae_volcano_entry_lava_flow, uniq_snorg
Orc:2:    grunt_orc_community_town_hall, layout_caves,
          grunt_orc_community_big_house_2, grunt_orc_community_big_house_2,
          grunt_orc_community_house_2, grunt_orc_community_house_3,
          grunt_orc_community_house_2, grunt_orc_community_house_1,
          grunt_orc_community_house_3, grunt_orc_community_house_1,
          lightli_orcish_oven
Vaults:1: nicolae_vaults_swerve, nicolae_vaults_storage_room_water,
          nicolae_vaults_sightless_eye, v_misc_31, vaults_room_large_hall,
          hangedman_vaults_slither, ontoclasm_vaults_fault,
          nicolae_vaults_mush_room, nicolae_vaults_little_ls, v_misc_3,
          v_misc_9, vaults_standard_mumra_lines, layout_vaults_maze_bifur,
          serial_shops, shop
Vaults:2: vaults_room_corners, nicolae_vaults_wrenched, ontoclasm_vaults_spin,
          hangedman_vaults_snaps, nicolae_vaults_circle_grid_b,
          nicolae_vaults_tangram_2, nicolae_vaults_alarming,
          nicolae_vaults_network_square, v_misc_16,
          nicolae_vaults_storage_room_statues, nicolae_vaults_little_squares_3,
          layout_vaults_omnicross, serial_shops, nicolae_shop_tiny_statue_garden
Vaults:3: nicolae_vaults_storage_closets_2, ontoclasm_vaults_eye, v_misc_28,
          minmay_crypt_entry_simple_round,
          nicolae_vaults_antechamber_and_loot_room, layout_vaults_quadrants,
          serial_shops, shop, uniq_jory, uniq_saint_roka, uniq_zenata,
          uniq_nikola

Skill      XL: |  1  2  3  4  5  6  7  8  9 10 11 12 13 14 15 16 17 18 19 20 |
---------------+-------------------------------------------------------------+-----
Fighting       | 2 3 4 5 6 7 8 9 |  9.6
Alchemy        | 2 3 4 5 6 7 8 |  8.8
Shapeshifting  | 4 5 6 8 9 10 11 13 14 16 17 18 19 | 19.8
Dodging        | 3 4 5 6 7 8 9 10 11 12 | 12.5
Spellcasting   | 1 2 3 4 5 6 7 8 9 10 11 12 13 14 | 14.1
Evocations     | 2 4 6 |  6.0
Maces & Flails | 3 4 5 6 |  6.1
Fire Magic     | 3 6 11 12 13 14 15 17 19 | 19.1
Unarmed Combat | 4 5 6 |  6.0
Air Magic      | 4 6 8 9 10 | 10.3

Action                     |  1- 3 |  4- 6 |  7- 9 | 10-12 | 13-15 | 16-18 | 19-21 || total
---------------------------+-------+-------+-------+-------+-------+-------+-------++-------
  Melee: Unarmed           |    34 |       |       |       |   261 |   333 |   132 ||   760
         Constrict         |    13 |    21 |    39 |    36 |    72 |    85 |    35 ||   301
         Tentacles         |    10 |    13 |    27 |    62 |     5 |     1 |       ||   118
         Punch             |     2 |     3 |     4 |    12 |     1 |     1 |       ||    23
         Dagger            |    20 |    24 |       |       |       |       |       ||    44
         Flail             |       |    35 |   118 |   231 |    16 |     7 |       ||   407
  Throw: Dart              |       |     4 |       |       |       |       |       ||     4
   Cast: Sting             |       |    50 |   112 |   273 |   144 |     6 |    10 ||   595
         Ignite Poison     |       |       |       |    38 |    42 |     4 |     3 ||    87
         Sticky Flame      |       |       |       |    39 |    54 |    26 |    30 ||   149
         Plasma Beam       |       |       |       |       |   164 |   387 |   265 ||   816
         Ignition          |       |       |       |       |     1 |    26 |    24 ||    51
         Airstrike         |       |       |       |       |       |    27 |     4 ||    31
         Iskenderun's Batt |       |       |       |       |       |       |     5 ||     5
 Invoke: Potion Petition   |       |       |     1 |       |     1 |       |     1 ||     3
         Call Merchant     |       |       |     1 |       |     1 |     3 |     1 ||     6
  Evoke: Wand              |       |       |     6 |    13 |    33 |    17 |     1 ||    70
         Tin of tremorston |       |       |       |       |     3 |     6 |     2 ||    11
         Sack of spiders   |       |       |       |       |     1 |       |       ||     1
    Use: Scroll            |       |    11 |    10 |     9 |     6 |     5 |     4 ||    45
         Potion            |       |       |     5 |     3 |     6 |     2 |     3 ||    19
   Stab: Sleeping          |     6 |     2 |       |     1 |       |       |       ||     9
         Paralysed         |       |       |       |     8 |     3 |     3 |       ||    14
         Distracted        |       |       |       |     1 |     1 |     4 |     2 ||     8
         Invisible         |       |       |       |       |     1 |       |       ||     1
 Armour: Skin              |    14 |    28 |    72 |   261 |   317 |   299 |   134 ||  1125
  Dodge: Dodged            |    36 |    51 |   150 |   443 |   385 |   330 |   120 ||  1515
  Block: Other             |       |       |       |       |       |    62 |    34 ||    96
         Reflection        |       |       |       |       |       |     6 |     2 ||     8
   Form: Serpent           |       |       |       |       |     1 |     1 |       ||     2
                           |       |       |       |       |       |     1 |       ||     1
